 Dungeon Sprint DCSS version 0.17-a0-1646-geb1493d (webtiles) character file.

196 Kidiri the Covert (level 5, 0/36 HPs)
             Began as a Spriggan Enchanter on Aug 10, 2015.
             Slain by a brain worm (3 damage)
             ... in the Dungeon (Sprint II: "The Violet Keep of Menkaure").
             The game lasted 00:01:09 (33 turns).

Kidiri the Covert (Spriggan Enchanter)                Turns: 33, Time: 00:01:09

Health: 0/36       AC:  3    Str:  9    XL:     5   Next: 46%
Magic:  4/15       EV: 24    Int: 17    God:
Gold:   0          SH:  0    Dex: 17    Spells: 1 memorised, 17 levels left

rFire  . . .     SeeInvis +     a - +1 dagger
rCold  . . .     Clarity  .     b - +1 robe
rNeg   . . .     SustAt   .     (shield restricted)
rPois  .         Gourm    .     (helmet restricted)
rElec  .         Spirit   .     (no cloak)
rCorr  .         Warding  .     (gloves unavailable)
rMut   .         NoTele   +     (boots unavailable)
MR     .....                    (no amulet)
Stlth  ..........               (no ring)
                                (no ring)

@: berserking (expiring), very quick, not resistant to hostile enchantments,
extremely unstealthy
A: unfitting armour, see invisible, herbivore 3, speed 3, slow metabolism 2
a: no special abilities


You were in the Dungeon.
You were not hungry.

You visited 1 branch

Inventory:

Hand weapons
 a - a +1 dagger (weapon)
Armour
 b - a +1 robe (worn)
Scrolls
 j - a scroll of blinking
Potions
 e - a potion of curing
 f - a potion of heal wounds
 g - a potion of haste
 h - 2 potions of magic
Books
 c - a book of Maledictions

   Spells                             Type                      Level
   a - Corona                         Hexes                        1
   b - Ensorcelled Hibernation        Hexes/Ice                    2
   c - Confuse                        Hexes                        3
   d - Tukima's Dance                 Hexes                        3
   e - Dazzling Spray                 Conjuration/Hexes            3
Comestibles
 d - a bread ration


   Skills:
 + Level 4.2 Short Blades
 * Level 8.7 Dodging
 * Level 9.8 Stealth
 * Level 7.3 Spellcasting
 + Level 5.9 Hexes


You had 17 spell levels left.
You knew the following spells:

 Your Spells              Type           Power        Failure   Level  Hunger
a - Corona                Hex            ####...      1%          1    None


Dungeon Overview and Level Annotations

Branches:
Dungeon (1/1)

Altars:


Innate Abilities, Weirdness & Mutations

You are tiny and cannot use many weapons and most armour.
You have supernaturally acute eyesight.
You are a herbivore.
You cover ground extremely quickly.
You need consume almost no food.


Message History

The brain worm closely misses you.
You hit the brain worm.
You kill the brain worm!
Your Short Blades skill increases to level 4!
Your Dodging skill increases to level 8!
Your Stealth skill increases to level 9!
Your Spellcasting skill increases to level 7!
You have reached level 5!
You feel clever. The brain worm bites you.
* * * LOW HITPOINT WARNING * * *
There is an open door here.
Things that are here:
a brain worm corpse x3
You puncture the brain worm!
The brain worm is heavily wounded.
You barely miss the brain worm.
The brain worm is heavily wounded.
The brain worm bites you.
You die...

## ## .## w#
ww ## .#. #
#.# #+# .##
#..##.##.m.#
#w@.<.+$#
#.##.##...#
#.# #+# .##
## .#. # aa
aa ### ###


You could see a brain worm.

Vanquished Creatures
  3 brain worms (D)
3 creatures vanquished.

Notes
Turn   | Place    | Note
--------------------------------------------------------------
     0 | D        | Kidiri the Spriggan Enchanter began the quest for the Orb.
     0 | D        | Reached XP level 1. HP: 9/9 MP: 5/5
     5 | D        | Noticed a siren
     8 | D        | Noticed a worker ant
     8 | D        | Noticed a worker ant
     8 | D        | Noticed a worker ant
     8 | D        | Noticed a worker ant
    11 | D        | Noticed a brain worm
    11 | D        | Noticed a brain worm
    11 | D        | Noticed a brain worm
    11 | D        | Noticed a brain worm
    23 | D        | Killed a brain worm
    23 | D        | Reached skill level 6 in Dodging
    23 | D        | Reached skill level 7 in Stealth
    23 | D        | Reached skill level 5 in Spellcasting
    23 | D        | Reached XP level 2. HP: 4/13 MP: 3/9
    23 | D        | Reached XP level 3. HP: 5/16 MP: 3/10
    25 | D        | Killed a brain worm
    25 | D        | Reached skill level 8 in Stealth
    25 | D        | Reached skill level 5 in Hexes
    25 | D        | Reached XP level 4. HP: 6/21 MP: 3/13
    30 | D        | Killed a brain worm
    30 | D        | Reached skill level 9 in Stealth
    30 | D        | Reached XP level 5. HP: 6/24 MP: 4/15
    33 | D        | Slain by a brain worm

Vault maps used:
D:        the_violet_keep_of_menkaure

Action                   |  1- 3 |  4- 6 || total
-------------------------+-------+-------++-------
Melee: Dagger            |     9 |     6 ||    15
 Cast: Corona            |     2 |       ||     2
  Use: Potion            |     1 |       ||     1
